Unix xNetHack Version 7.1.0 - last build Jul 19 2022 04:02:08 (a8c4666137c2c631a57c77f6261166d76d9e3895). Game began 2022-07-22 07:12:06, ended 2022-07-22 07:15:43. Raisse, neutral female gnomish Wizard -- --- -.- ..| ... ..-- .. -- --- -...| ..|.--.-- ..... .......| --.... ......| |.... -.....---... ...........- --.......... |..........---- -....%....... |..........- | -.........| --- ..| -- |........--------- ..............- -- --.---.........hG:......:.....- |................-------- ...| |.....<.....--...- | |. --.............| -- ---.|.-----..-- ----- ---- Raisse the Evoker St:12 Dx:14 Co:15 In:15 Wi:10 Ch:9 Neutral Dlvl:3 $:16 HP:0(20) Pw:2(14) AC:9 Xp:2/27 T:696 Latest messages: Poes misses the grid bug. Poes misses the grid bug. You pierce the grid bug. The grid bug bites! You get zapped! You miss the grid bug. The grid bug bites! The grid bug bites! You get zapped! You impale the grid bug. Poes misses the hobbit. The grid bug bites! You get zapped! The grid bug bites! You get zapped! Poes misses the hobbit. In what direction? h The spell hits the grid bug! You kill the grid bug! Poes bites the hobbit. The hobbit wields a mithril runed dagger! The grid bug bites! Poes misses the hobbit. You hit the grid bug. Poes bites the hobbit. The hobbit thrusts his mithril runed dagger at Poes. The hobbit hits Poes. Poes is killed! The hobbit picks up a banana. The grid bug bites! You get zapped! In what direction? k The spell hits the grid bug! You kill the grid bug! The hobbit throws a mithril runed dagger! You are hit by a mithril runed dagger! m - a mithril runed dagger {5}. You don't have enough energy to cast that spell. The dwarf wields a mithril pick-axe! The gecko bites! You don't have anything to eat. Are you waiting to get hit? Use 'm' prefix to force a no-op (to rest). What do you want to write with? [- aim or ?*] - You write in the dust with your fingertip. What do you want to write in the dust here? Elbereth The hobbit punches you! The gecko bites! You die... Do you want your possessions identified? [ynq] (y) y Do you want to see your attributes? [ynq] (y) q Major events: Turn 1: Raisse the neutral female gnomish Wizard entered the dungeon 672: entered the Gnomish Mines 696: killed by a gecko Inventory: Inventory: 354/725 weight (13/52 slots) Coins $ - 16 gold pieces {1} Weapons a - an uncursed +0 bone orcish dagger (weapon in hand) {3} i - a blessed +1 quarterstaff (alternate weapon; not wielded) {40} m - an uncursed +0 mithril elven dagger {5} Armor h - a cursed -1 pair of copper kicking boots {53} j - a cursed +0 orcish helm {30} C - an uncursed +0 cloak of magic resistance (being worn) {8} Spellbooks c - a blessed spellbook of force bolt {35} d - a blessed spellbook of magic missile {40} e - an uncursed spellbook of light {35} f - an uncursed spellbook of detect monsters {45} Potions g - a cursed potion of gain level {20} k - a blessed potion of polymorph {20} l - a cursed potion of healing {20} Raisse the Wizard's attributes: Background: You were an Evoker, a level 2 female gnomish Wizard. You were neutral, on a mission for Thoth who was opposed by Ptah (lawful) and Anhur (chaotic). You were bisexual. You were in the Gnomish Mines, on level 3. You entered the dungeon 696 turns ago. You had 27 experience points, 13 more were needed to attain level 3. Basics: You had 0 out of 20 hit points. You had 2 out of 14 energy points (spell power). Your armor class was 9. Your wallet contained 16 zorkmids. Autopickup was on for '$!?/"=+' plus thrown, with exceptions. Final Characteristics: Your strength was 12 (limit:18/50). Your dexterity was 14 (limit:18). Your constitution was 15 (limit:18). Your intelligence was 15 (limit:19). Your wisdom was 10 (limit:18). Your charisma was 9 (limit:18). Final Status: You were not hungry. You were unencumbered. You were wielding a dagger. You were unskilled in dagger. Final Attributes: You were fervently aligned. You were magic-protected. You had infravision. You were warded. You are dead. Miscellaneous: You never encountered a bones level. Total elapsed playing time was 3 minutes and 37 seconds. Vanquished creatures: a kitten a jackal a fox a kobold 2 goblins a sewer rat 4 grid bugs a lichen a kobold zombie 2 newts 15 creatures vanquished. No species were genocided or became extinct. Voluntary challenges: You were an atheist. You read items or engraved 1 time. You never genocided any monsters. You never polymorphed an object. You never changed form. You never touched an artifact. You used no wishes. You never scared an enemy with impunity. You were celibate. You never generated conflict. Achievement: You entered the Gnomish Mines. The Dungeons of Doom: levels 1 to 2 Level 1: Some fountains, a tree. Level 2: Stairs down to The Gnomish Mines. The Gnomish Mines: Level 3: <- You were here. Final resting place for you, killed by a gecko. Game over: __________ / \ / REST \ / IN \ / PEACE \ / \ | Raisse | | 16 Au | | killed by a | | gecko | | | | | | 2022 | *| * * * | * _________)/\\_//(\/(/\)/\//\/|_)_______ Goodbye Raisse the Wizard... You died in The Gnomish Mines on dungeon level 3 with 223 points, and 16 pieces of gold, after 696 moves. You were level 2 with a maximum of 20 hit points when you died.